 Dungeon Crawl Stone Soup version 0.31.0-11-ge490571c62 (webtiles) character file.

Game seed: 4876573769005878860

61 qw the Shooter (level 3, 0/20 HPs)
             Began as a Deep Elf Hunter on Feb 3, 2024.
             Slain by a goblin
             ... wielding a +0 club
              (3 damage)
             ... on level 2 of the Dungeon.
             The game lasted 00:00:02 (930 turns).

qw the Shooter (Deep Elf Hunter)                     Turns: 930, Time: 00:00:03

Health: 0/20       AC:  6    Str:  8 (10) XL:     3   Next: 83%
Magic:  5/5        EV: 10    Int: 11 (13) God:
Gold:   41         SH:  0    Dex: 16 (18) Spells: 2/2 levels left

rFire   . . .        a - +1 shortbow
rCold   . . .        (shield currently unavailable)
rNeg    . . .        d - +0 ring mail
rPois   .            g - +0 helmet
rElec   .            (no cloak)
rCorr   .            (no gloves)
SInv    .            (no boots)
Will    .....        (no amulet)
Stlth   +            (no ring)
HPRegen 0.23/turn    (no ring)
MPRegen 0.09/turn

%: no passive effects
@: no status effects
A: no striking features
a: no special abilities


You were on level 2 of the Dungeon.
You visited 1 branch of the dungeon, and saw 2 of its levels.

You collected 41 gold pieces.


   Skills:
 - Level 1.5 Fighting
 + Level 7.3 Ranged Weapons
 - Level 2.4 Dodging
 - Level 1.2 Stealth


You had 2 spell levels left.
You didn't know any spells.
Your spell library was empty.

Inventory:

Hand Weapons
 a - a +1 shortbow (weapon)
Armour
 d - a +0 ring mail (worn)
 g - a +0 helmet (worn)
Scrolls
 b - a scroll of immolation {unknown}
 c - a scroll of acquirement {unknown}
Potions
 f - a potion of enlightenment {unknown}
 i - a potion of lignification {unknown}
 k - a potion of magic {unknown}
 l - a potion of might {unknown}

Dungeon Overview and Level Annotations

Branches:
Dungeon (2/15)

Altars:

Annotations:
D:2 Natasha


Message History

Natasha is lightly wounded.
The goblin hits you but does no damage. Natasha closely misses you.
The goblin hits you with a +0 club.
You shoot an arrow.
The arrow hits Natasha but does no damage.
Natasha is lightly wounded.
Natasha casts a spell.
The goblin hits you with a +0 club.
You shoot an arrow.
The arrow hits Natasha but does no damage.
Natasha is lightly wounded.
Natasha closely misses you. The goblin misses you.
Natasha claws you but does no damage.
You shoot an arrow. The arrow hits Natasha.
Natasha is severely wounded.
The cerulean imp barely misses you. The goblin closely misses you.
Natasha claws you.
You shoot an arrow. The arrow misses Natasha.
The cerulean imp hits you but does no damage.
The goblin barely misses you. Natasha misses you.
You shoot an arrow. The arrow hits Natasha.
Natasha is almost dead.
The cerulean imp hits you from afar with a +2 spear.
The goblin hits you with a +0 club. Natasha barely misses you.
The cerulean imp barely misses you. The goblin closely misses you.
You shoot an arrow. The arrow hits Natasha.
Natasha is almost dead.
Natasha casts a spell at you. The magic dart hits you.
The cerulean imp closely misses you. The goblin barely misses you.
You shoot an arrow. The arrow closely misses Natasha.
Natasha stares at you and mumbles some strange words.
The magic dart hits you.
The cerulean imp hits you but does no damage.
The goblin closely misses you. Natasha closely misses you.
You shoot an arrow.
The arrow hits Natasha but does no damage.
Natasha is almost dead.
The cerulean imp barely misses you. The goblin hits you with a +0 club.
You die...

## .## .. #
#######5###...
#.....h.......
#.# #@g# #.#
#..# #.# #..#
#.# #..#
#.####..#
#.......#
#.####.## #.#
#.# #.####.###


You could see Natasha, a cerulean imp (summoned) and a goblin.

Vanquished Creatures
  Terence (D:2)
  An adder (D:2)
  A dart slug (D:1)
  7 ball pythons
  3 endoplasms (D:1)
  A giant cockroach (D:1)
  2 hobgoblins
  2 jackals (D:1)
  4 kobolds
  A bat (D:1)
23 creatures vanquished.

Notes
Turn   | Place    | Note
-------+----------+-------------------------------------------
     0 | D:1      | qw the Deep Elf Hunter began the quest for the Orb.
     0 | D:1      | Reached XP level 1. HP: 12/12 MP: 3/3
     0 | D:1      | 0 ||| qw: Version: 0.3-a-157-g843a77d
     0 | D:1      | 0 ||| qw: Game counter: 3867
     0 | D:1      | 0 ||| qw: Melee chars always use a shield: true
     0 | D:1      | 0 ||| qw: God list: Okawaru
     0 | D:1      | 0 ||| qw: Allow faded altars: false
     0 | D:1      | 0 ||| qw: Do Orc after clearing Dungeon:15 true
     0 | D:1      | 0 ||| qw: Do second Lair branch before Depths: true
     0 | D:1      | 0 ||| qw: Lair rune preference: random
     0 | D:1      | 0 ||| qw: Goals: Normal
     0 | D:1      | 0 ||| PLANNING D:1-11
   467 | D:1      | Reached XP level 2. HP: 16/16 MP: 4/4
   471 | D:1      | Reached skill level 6 in Ranged Weapons
   706 | D:1      | 706 ||| UPGRADING to +0 ring mail.
   716 | D:1      | 716 ||| DROPPING +0 leather armour.
   717 | D:1      | 717 ||| UPGRADING to +0 helmet.
   722 | D:1      | 722 ||| READING scroll labelled GEBEAM KIEBBE.
   723 | D:1      | 723 ||| READING scroll labelled OBBOIC ICIAGIS.
   723 | D:1      | 723 ||| ENCHANTING +0 shortbow.
   724 | D:1      | 724 ||| DRINKING 2 sedimented red potions.
   725 | D:1      | 725 ||| DROPPING scroll of butterflies.
   726 | D:1      | 726 ||| DROPPING potion of degeneration.
   792 | D:2      | Reached XP level 3. HP: 20/20 MP: 5/5
   811 | D:2      | Noticed Terence
   822 | D:2      | Killed Terence
   823 | D:2      | Reached skill level 7 in Ranged Weapons
   918 | D:2      | Noticed Natasha
   929 | D:2      | HP: 3/20 [Natasha/magic dart (5)]
   930 | D:2      | Slain by a goblin

Levels and vault maps discovered:
D:1:      heliophobic_arrival_ceremonial_halls, layout_loops_ring,
          roderic_serpentine_path, minmay_splitting_lines
D:2:      layout_loops_ring, grunt_ministairs_1, fountainhead,
          minmay_shallow_snake_nest, uniq_terence, uniq_natasha, uniq_sigmund

Skill      XL: |  1  2  3 |
---------------+----------+-----
Ranged Weapons | 6 7 |  7.3
Fighting       | |  1.5
Dodging        | |  2.4
Stealth        | |  1.2

Action                     || total
---------------------------++-------
   Fire: Shortbow          ||    79
    Use: Scroll            ||     2
         Potion            ||     1
 Armour: Leather armour    ||     4
         Ring mail         ||    17
  Dodge: Dodged            ||    29

Table legend:
 A = Non-vault XP
 B = Vault XP
 C = Vault XP percentage of total XP
 D = Non-vault monster count
 E = Vault monster count
 F = Vault count percentage of total count
                 A         B        C        D         E       F
            +---------+---------+-------+---------+---------+-------
      Total |      38 |      50 |  56.8 |      20 |       3 |  13.0
            +---------+---------+-------+---------+---------+-------
        D:1 |      32 |       0 |   0.0 |      16 |       0 |   0.0
        D:2 |       6 |      50 |  89.3 |       4 |       3 |  42.9
            +---------+---------+-------+---------+---------+-------
